AoeStats
← Goku_San

Black Forest

508181418Analyzed
3v3 RM · 12d ago on Sep 21, 2026· 61m 17s· 6 players
Game mode
Random Map
Map size
Normal (6 player)
Population
200
Speed
Normal
Resources
Standard
Victory
Conquest
Starting age
Dark Age
Ending age
Imperial Age
RankedLock teamsTeams togetherTeam positionsShared explorationLock speedFull tech treeHidden civsTurbo modeCheats
Victory
Defeat
🇮🇱 Portuguese · Israel
1295
+11
🇺🇸 Teutons · United States
1216
+15
🇮🇳 Ethiopians · India
1215
+15
🇹🇷 Khmer · Türkiye
1195
-14
🇯🇵 Sicilians · Japan
1195
-14
🇹🇷 Turks · Türkiye
1174
-13
.BTB kral
0:26 Loom
11:03 Feudal Age
11:40 Double-Bit Axe
17:40 Castle Age
15:43 Gold Mining
26:22 Imperial Age
25:05 Gold Shaft Mining
29:00 Padded Archer Armor
32:26 Wheelbarrow
35:54 Leather Archer Armor
35:30 Fletching
40:14 Ring Archer Armor
43:59 Bloodlines
44:03 Scale Barding Armor
Exellence
0:45 Loom
12:55 Feudal Age
13:35 Double-Bit Axe
18:34 Castle Age
17:41 Fishing Lines
20:22 Wheelbarrow
19:58 Bow Saw
20:51 Horse Collar
24:08 Hand Cart
23:40 Town Watch
24:09 Gold Mining
25:33 Gold Shaft Mining
29:17 Imperial Age
27:06 Bloodlines
26:57 Husbandry
26:45 Light Cavalry
28:00 Heavy Plow
28:23 Forging
28:45 Scale Barding Armor
30:07 Iron Casting
30:57 Crop Rotation
30:56 Chain Barding Armor
32:10 Chemistry
31:31 Ballistics
31:17 Siege Engineers
32:09 Conscription
32:20 Double Crossbow
33:39 Plate Barding Armor
34:47 Blast Furnace
34:12 Heavy Scorpion
35:07 Capped Ram
35:53 Caravan
36:00 Siege Ram
37:46 Stone Mining
38:42 Fortified Wall
38:44 Masonry
38:57 Fletching
39:07 Gillnets
38:45 Hussar
39:52 Bodkin Arrow
41:53 Bracer
42:26 Architecture
41:53 Murder Holes
only vills
7:15 Loom
18:42 Feudal Age
19:51 Town Watch
20:17 Double-Bit Axe
24:45 Castle Age
22:52 Stone Mining
23:40 Gold Mining
23:45 Fletching
27:31 Gold Shaft Mining
27:54 Bow Saw
30:05 Bodkin Arrow
30:54 Fishing Lines
34:36 Caravan
41:51 Town Patrol
42:48 Gillnets
46:10 Imperial Age
43:43 Murder Holes
44:10 Ballistics
45:18 Masonry
47:03 Bracer
48:04 Hoardings
49:37 Chemistry
sbr
0:35 Loom
11:57 Feudal Age
15:57 Castle Age
14:13 Double-Bit Axe
14:37 Horse Collar
20:34 Bow Saw
21:13 Fishing Lines
26:32 Wheelbarrow
25:43 Town Watch
25:56 Gold Mining
25:59 Stone Mining
27:20 Hand Cart
31:03 Imperial Age
28:39 Squires
28:55 Pikeman
29:21 Arson
29:48 Scale Mail Armor
29:58 Forging
30:50 Gambesons
31:42 Iron Casting
31:23 Chain Mail Armor
32:59 Two-Man Saw
33:07 Chemistry
31:43 Halberdier
33:00 Plate Mail Armor
34:10 Blast Furnace
33:09 Onager
35:24 Caravan
35:19 Fletching
35:29 Padded Archer Armor
35:34 Scale Barding Armor
37:01 Coinage
37:00 Siege Onager
39:11 Chain Barding Armor
41:09 Siege Engineers
42:58 Ballistics
44:01 Fortified Wall
44:15 Bombard Tower
44:07 Masonry
45:29 Ironclad
45:29 Conscription
45:34 Crenellations
54:20 Man-at-Arms
57:34 Capped Ram
Goku_San
7:29 Loom
9:58 Feudal Age
11:44 Double-Bit Axe
15:47 Castle Age
14:20 Fishing Lines
19:26 Bow Saw
18:44 Man-at-Arms
19:20 Long Swordsman
20:33 Scale Mail Armor
20:44 Forging
22:27 Arson
23:33 Gambesons
24:07 Gillnets
25:13 Chain Mail Armor
27:15 Horse Collar
29:35 Wheelbarrow
30:15 Gold Mining
30:15 Stone Mining
30:28 Heavy Plow
32:07 Pikeman
36:28 Imperial Age
35:15 Ballistics
35:16 Hand Cart
35:43 Stone Shaft Mining
38:11 Chemistry
37:35 Conscription
38:22 Two-Man Saw
37:14 Elite Organ Gun
38:31 Arquebus
42:29 Siege Engineers
44:12 Crop Rotation
59:37 Spies/Treason
carbondust
0:35 Loom
14:34 Feudal Age
22:57 Castle Age
22:22 Gold Mining
22:21 Double-Bit Axe
26:48 Wheelbarrow
30:17 Bow Saw
36:37 Imperial Age
34:36 Fletching
34:46 Padded Archer Armor
36:09 Crossbowman
38:27 Ballistics
39:11 Chemistry
40:02 Horse Collar
44:24 Hand Cart
46:42 Town Watch
46:53 Bodkin Arrow
47:41 Arbalester
52:12 Leather Archer Armor
52:51 Bracer
54:22 Ring Archer Armor
54:51 Forging
54:42 Scale Mail Armor
54:39 Murder Holes
54:54 Masonry
54:51 Gold Mining
54:54 Stone Mining
55:38 Town Patrol
59:11 Architecture
58:58 Heavy Plow
59:43 Conscription
Connection lost

Rejoining the realm…

Still unreachable

The connection could not be restored.

Session expired

The server has moved on; the page needs a fresh start.